 Dungeon Crawl Stone Soup version 0.26-a0-845-gfacbca91cf (webtiles) character file.

Game seed: 1379499008413538407

87964 Baz the Blinker (level 15, 0/94 HPs)
             Began as a Felid Wanderer on Nov 17, 2020.
             Was the Champion of Dithmenos.
             Slain by a deep elf knight
             ... wielding a +0 scimitar
              (8 damage)
             ... on level 2 of the Elven Halls on Nov 19, 2020.
             The game lasted 03:47:44 (77034 turns).

Baz the Blinker (Felid Wanderer)                   Turns: 77034, Time: 03:47:44

Health: 0/94       AC: 27    Str:  8    XL:     15   Next: 45%
Magic:  18/31      EV: 25    Int: 29    God:    Dithmenos [******]
Gold:   596        SH:  0    Dex: 13    Spells: 1/36 levels left
                                        Lives:  0   Deaths: 3

rFire    . . .     SeeInvis +     - Unarmed
rCold    . . .     Faith    .   (shield unavailable)
rNeg     + . .     Spirit   .   (armour unavailable)
rPois    ∞         Reflect  .   (helmet unavailable)
rElec    +         Harm     .   (cloak unavailable)
rCorr    .         Rampage  .   (gloves unavailable)
MR       ++...                  (boots unavailable)
Stlth    ++++++++..             d - amulet of magic regeneration
HPRegen  0.25/turn              f - +6 ring of intelligence
MPRegen  0.47/turn              w - ring of poison resistance

@: statue-form, slowed, wreathed by umbra, very slow
A: very small, no armour, no weapons or thrown items, stealth, claws 1, fangs 3,
see invisible, sharp paws
a: End Transformation, Shadow Step, Shadow Form, Renounce Religion


You were on level 2 of the Elven Halls.
You worshipped Dithmenos.
Dithmenos was exalted by your worship.
You were a stone statue.
You visited 6 branches of the dungeon, and saw 30 of its levels.
You also visited: Ossuary and Volcano.

You collected 2966 gold pieces.
You spent 2370 gold pieces at shops.

Inventory:

Jewellery
 a - an uncursed ring of flight
 d - an amulet of magic regeneration (around neck)
 f - a +6 ring of intelligence (left paw)
 w - a ring of poison resistance (right paw)
 A - an uncursed ring of ice
 H - an uncursed ring of stealth
 L - an uncursed ring of positive energy
 N - an uncursed ring of resist corrosion
Wands
 c - a wand of enslavement (15)
 u - a wand of iceblast (10)
 x - a wand of acid (3)
 y - a wand of paralysis (8)
 C - a wand of digging (3)
 D - a wand of flame (29)
 E - a wand of polymorph (30)
 J - a wand of random effects (16)
Scrolls
 b - a scroll of torment
 g - 10 scrolls of teleportation
 h - 4 scrolls of fog
 m - 9 scrolls of amnesia
 n - 12 scrolls of remove curse
 q - a scroll of magic mapping
 s - 5 scrolls of fear
 z - a scroll of summoning
 B - 4 scrolls of immolation
 F - a scroll of blinking
 I - 2 scrolls of holy word {unknown}
 O - a scroll of vulnerability {unknown}
Potions
 e - 6 potions of might
 i - 4 potions of haste
 j - 2 potions of berserk rage
 k - a potion of cancellation
 l - 13 potions of curing
 o - 5 potions of mutation
 p - 9 potions of flight
 r - a potion of magic {unknown}
 t - 5 potions of brilliance
 v - 3 potions of resistance
 G - 4 potions of ambrosia
Miscellaneous
 K - a phantom mirror
 M - a box of beasts
 P - a lightning rod (4/4)


   Skills:
 - Level 13.1 Fighting
 - Level 12.0 Dodging
 - Level 10.0 Stealth
 + Level 4.2 Unarmed Combat
 - Level 11.0 Spellcasting
 - Level 10.0 Conjurations
 - Level 15.0 Translocations
 + Level 10.0 Transmutations
 - Level 11.0 Air Magic
 * Level 7.1 Earth Magic
 - Level 5.0 Evocations


You had one spell level left.
You knew the following spells:

 Your Spells              Type           Power        Failure   Level
a - Magic Dart            Conj           ####         1%          1
b - Blink                 Tloc           N/A          0%          2
c - Mephitic Cloud        Conj/Pois/Air  ######..     1%          3
d - Gell's Gravitas       Tloc           #######...   1%          3
e - Apportation           Tloc           ######       0%          1
f - Iskenderun's Mystic   Conj/Tloc      ######..     1%          4
g - Airstrike             Air            ######....   1%          4
h - Statue Form           Tmut/Erth      ######...    16%         6
i - Dispersal             Tloc           #######...   1%          6
q - Lightning Bolt        Conj/Air       ######....   1%          5

Your spell library contained the following spells:

 Spells                   Type           Power        Failure   Level
 Beastly Appendage        Tmut           ######       1%          1
 Sandblast                Erth           ######       1%          1
 Shock                    Conj/Air       ####         1%          1
 Animate Skeleton         Necr           ###...       3%          1
 Corona                   Hex            ###....      3%          1
 Summon Small Mammal      Summ           ###.         3%          1
 Passwall                 Tmut/Erth      ######..     1%          2
 Searing Ray              Conj           ######       1%          2
 Swiftness                Air            ######..     1%          2
 Wereblood                Tmut           ######..     1%          2
 Conjure Flame            Conj/Fire      #####...     1%          3
 Dazzling Flash           Conj/Hex       #####.       1%          3
 Spider Form              Tmut/Pois      #####.....   1%          3
 Static Discharge         Conj/Air       ######..     1%          3
 Stone Arrow              Conj/Erth      ######       1%          3
 Petrify                  Tmut/Erth      ######..     1%          4
 Blade Hands              Tmut           ######....   1%          5
 Summon Lightning Spire   Summ/Air       #####...     3%          4
 Call Imp                 Summ           ###.....     4%          2
 Slow                     Hex            ###.....     4%          2
 Fulminant Prism          Conj/Hex       #####.....   4%          4
 Ice Form                 Ice/Tmut       #####...     4%          4
 Lee's Rapid Deconstruct  Erth           ######....   4%          5
 Call Canine Familiar     Summ           ###.....     10%         3
 Summon Guardian Golem    Hex/Summ       ###.....     10%         3
 Summon Ice Beast         Ice/Summ       ###.....     32%         4
 Orb of Destruction       Conj           ######....   43%         7
 Disjunction              Tloc           #######...   43%         8
 Metabolic Englaciation   Hex/Ice        ###.......   67%         5
 Portal Projectile        Hex/Tloc       Unusable     N/A         3

Dungeon Overview and Level Annotations

Branches:
Dungeon (15/15)            Temple (0/1) D:7            Lair (6/6) D:11
  Swamp (1/4) Lair:4       Spider (4/4) Lair:4        Slime (0/5) Lair:5
    Orc (2/2) D:12            Elf (2/3) Orc:2        Vaults (0/5) D:13
 Depths (0/5) D:15        Ossuary (visited)         Volcano (visited)

Altars:
Cheibriados
Dithmenos
Fedhas
Makhleb
Nemelex Xobeh
Qazlal
Ru
Trog
Uskayaw
Vehumet
Xom
The Shining One
Beogh

Shops:
D:6 [:   D:7 :*   Orc:2 (?*(:[[

Portals:
Pandemonium: Orc:2
Trove: D:11 (give 7 scrolls of fog)

Annotations:
D:6 3 runed translucent doors, Perttuleena's ghost, novice DEAE
D:10 3 runed translucent doors, UristMcRaven's ghost, novice OpEE
D:11 exclusion: downstairs
D:12 exclusion: downstairs
D:14 exclusion: downstairs
Lair:1 3 runed translucent doors, exclusion: downstairs, pantherbaby0's ghost, novice GrFi
Lair:2 exclusion: downstairs, Gastronok
Lair:3 exclusion: catoblepas
Lair:4 exclusion: upstairs
Spider:1 exclusions: downstairs and 1 more exclusion, Donald
Spider:4 Mara
Elf:1 Agnes


Innate Abilities, Weirdness & Mutations

You cannot wear armour.
You are incapable of wielding weapons or throwing items.
Your paws allow you to move quietly. (Stealth)
You have sharp claws.
You have razor-sharp teeth.
You have supernaturally acute eyesight. (SInv)
((You cover ground quickly.))
((Your thick and shaggy fur keeps you warm. (AC +3, rC+)))
Your sharp claws are effective at attacking unaware monsters.


Message History

The deep elf knight closely misses you.
The deep elf archer shoots an arrow.
The arrow hits you.
* * * LOW HITPOINT WARNING * * *
The deep elf archer shoots an arrow.
The arrow hits you.
* * * LOW HITPOINT WARNING * * *
The deep elf knight hits you with a +0 scimitar.
* * * LOW HITPOINT WARNING * * *
You closely miss the deep elf knight.
The deep elf knight is almost dead.
The deep elf knight hits you but does no damage.
The deep elf archer shoots an arrow.
The arrow completely misses you.
The deep elf knight completely misses you.
The deep elf archer shoots an arrow.
The arrow hits you!
* * * LOW HITPOINT WARNING * * *
You emit a cloud of dark smoke.
You closely miss the deep elf knight.
The deep elf knight is almost dead.
The deep elf knight blocks your shadow's attack.
The deep elf knight hits you with a +0 scimitar!
You die...

.?(.# ###### ...#####.......
..:#...#.###..#
.........#.#..# .#
.........§....# ..
.>.....§§§..... .#
.e)...§§....... .#
......§§§e# .# ...#..§#8## .#
# ..#####§# .# #...####§## .#
#........# .######...#####.##
...........#####.#
.####)...........## ...
.###.........###.[#####......
.##..........# ##............


You could see a deep elf knight (fast, invisible).

Vanquished Creatures
  Arachne (Spider:2)
  Frances (Elf:1)
  Kirke (Lair:5)
  3 emperor scorpions
  An orc warlord (Orc:2)
  A deep elf demonologist (Elf:1)
  2 entropy weavers (Spider:1)
  A dire elephant (D:15)
  A deep elf annihilator (Elf:1)
  Azrael (D:12)
  A bunyip (Swamp:1)
  A spark wasp (Spider:3)
  Snorg (D:10)
  Josephine (D:14)
  Fannar (Orc:1)
  8 vault guards
  3 boulder beetles
  7 hydras
  An ogre mage (D:15)
  A death knight (D:14)
  A tengu warrior (D:11)
  11 two-headed ogres
  A dancing weapon (Elf:1)
  5 orc high priests (Orc:2)
  3 deep elf knights (Elf:1)
  A sixfirhy (Orc:2)
  A spriggan druid (Lair:4)
  4 unseen horrors
  3 infernal demonspawn (Orc:2)
  A gelid demonspawn (Orc:2)
  3 wizards
  5 deep elf archers
  A phantasmal warrior (D:14)
  5 orc knights
  Pikel (D:8)
  28 deep elf magi
  7 orb spiders
  A lindwurm (Lair:6)
  4 manticores
  16 wolf spiders
  A cyclops (D:14)
  8 orc sorcerers (Orc:2)
  2 ugly things
  A will-o-the-wisp (Swamp:1)
  An elephant (Lair:5)
  A moth of wrath (Spider:1)
  Psyche (D:9)
  8 black mambas
  A smoke demon (Orc:2)
  2 gargoyles
  14 cane toads
  A torpor snail (Lair:6)
  5 centaur skeletons
  An orange demon (Orc:2)
  4 rime drakes
  4 komodo dragons
  A kobold demonologist (D:11)
  A yaktaur (D:15)
  4 demonic crawlers
  2 ice devils (Orc:2)
  An efreet (D:15)
  2 freezing wraiths
  A bloated husk (Swamp:1)
  5 trolls
  A red devil (Orc:2)
  A merfolk (D:15)
  14 jumping spiders
  11 polar bears
  A wolf spider simulacrum (D:14)
  3 hornets
  Grinder (D:5)
  A raiju (Lair:6)
  3 tyrant leeches (Lair:4)
  Prince Ribbit (D:5)
  9 blink frogs
  15 slime creatures
  2 air elementals
  A meliai zombie (D:12)
  21 tarantellas
  3 fire elementals
  29 yaks
  A spriggan (Swamp:1)
  A shadow (D:10)
  5 wyverns
  17 redbacks
  4 basilisks
  A yak (shapeshifter) (D:14)
  10 wraiths
  3 hogs
  A neqoxec (Orc:2)
  3 chaos spawn (D:13)
  Menkaure (D:5)
  Edmund (D:4)
  6 wargs
  5 vampire mosquitoes
  2 swamp worms
  2 acid dragons
  13 water moccasins
  Duvessa (D:6)
  A soldier ant (D:15)
  20 hell hounds
  4 ice beasts
  4 sky beasts
  30 orc warriors
  A necrophage (D:13)
  11 ogres
  3 phantoms
  25 wolves
  18 black bears
  10 centaurs
  16 bullfrogs
  A gnoll sergeant (D:5)
  A wyvern zombie (D:13)
  2 earth elementals
  Dowan (D:6)
  4 scorpions
  A wyvern skeleton (D:12)
  11 killer bees
  17 wights
  2 electric eels
  3 howler monkeys
  2 bullfrog zombies
  3 gnoll shamans
  3 quasits
  4 centaur zombies
  10 hounds
  30 orc priests
  5 jellies
  14 worker ants
  16 orc wizards
  6 iguanas
  7 hell rats
  2 hound zombies
  13 mummies
  A howler monkey zombie (D:11)
  A worker ant zombie (D:10)
  41 gnolls
  13 adders
  A shadow imp (D:8)
  2 white imps
  An ooze (D:3)
  3 adder skeletons
  A dart slug (D:4)
  2 leopard geckos
  67 orcs
  2 ball pythons
  9 giant cockroaches
  3 goblins
  4 hobgoblins
  20 jackals
  7 quokkas
  6 bats
  10 frilled lizards
  2 gnoll skeletons (Ossuary)
  A goblin skeleton (Ossuary)
  4 kobolds
  A kobold skeleton (Ossuary)
  4 orc skeletons (Ossuary)
  A quokka zombie (D:7)
  3 rats
  11 rat skeletons (Ossuary)
928 creatures vanquished.

Vanquished Creatures (others)
  A deep elf mage (Elf:1)
  A bloated husk (Swamp:1)
  A bullfrog zombie (D:12)
  A bullfrog skeleton (D:12)
  42 fungi
  122 plants
168 creatures vanquished.

Grand Total: 1096 creatures vanquished

Notes
Turn   | Place    | Note
-------+----------+-------------------------------------------
     0 | D:1      | Baz the Felid Wanderer began the quest for the Orb.
     0 | D:1      | Baz set off with the following items: a potion of
                  | lignification; and the following spells available to
                  | memorise: Apportation, Blink, Magic Dart, Call Imp, Slow,
                  | Gell's Gravitas, Mephitic Cloud, Conjure Flame
     0 | D:1      | Reached XP level 1. HP: 9/9 MP: 4/4
     2 | D:1      | Learned a level 1 spell: Magic Dart
   896 | D:1      | Reached skill level 1 in Stealth
   896 | D:1      | Reached XP level 2. HP: 13/13 MP: 0/6
  1428 | D:1      | Reached skill level 2 in Translocations
  2083 | D:2      | Reached XP level 3. HP: 16/16 MP: 4/7
  2146 | D:2      | Reached skill level 1 in Conjurations
  2358 | D:2      | Found a sparkling altar of Nemelex Xobeh.
  2358 | D:2      | Found a stormy altar of Qazlal.
  2580 | D:2      | Learned a level 2 spell: Blink
  2584 | D:2      | Learned a level 3 spell: Mephitic Cloud
  2995 | D:3      | Reached XP level 4. HP: 20/20 MP: 3/8
  3275 | D:3      | Found a radiant altar of Vehumet.
  3375 | D:3      | Found a shadowy altar of Dithmenos.
  3390 | D:3      | Became a worshipper of Dithmenos the Shadowed
  4962 | D:4      | Found a sand-covered staircase.
  4993 | Ossuary  | Entered an ossuary
  5347 | Ossuary  | Reached XP level 5. HP: 24/24 MP: 1/9
  5384 | Ossuary  | Reached skill level 3 in Translocations
  6449 | Ossuary  | Reached * piety under Dithmenos
  8435 | Ossuary  | Gained mutation: You are covered in thick fur. (AC +2)
                  | [Felid growth]
  8435 | Ossuary  | Reached XP level 6. HP: 18/28 MP: 0/10
  8834 | D:4      | Learned a level 3 spell: Gell's Gravitas
  9505 | D:4      | Found a sacrificial altar of Ru.
 10106 | D:4      | Reached skill level 5 in Stealth
 10319 | D:5      | Entered Level 5 of the Dungeon
 10330 | D:5      | Reached skill level 4 in Translocations
 10433 | D:5      | Found a glowing golden altar of the Shining One.
 10580 | D:5      | Reached XP level 7. HP: 33/33 MP: 1/11
 10852 | D:5      | Noticed Prince Ribbit
 11120 | D:5      | Noticed Edmund
 12049 | D:5      | Found a blossoming altar of Fedhas.
 12261 | D:5      | Found a bloodstained altar of Trog.
 12646 | D:5      | Noticed Menkaure
 12893 | D:5      | Reached ** piety under Dithmenos
 12894 | D:5      | Reached skill level 5 in Fighting
 12982 | D:5      | Learned a level 1 spell: Apportation
 13123 | D:5      | Noticed Grinder
 13607 | D:6      | Found Huwurehe's Book Shoppe.
 13661 | D:6      | Found a runed translucent gate.
 13661 | D:6      | Found a runed translucent gate.
 13661 | D:6      | Found a runed translucent gate.
 13708 | D:6      | HP: 1/33 [orc warrior/boomerang (15)]
 14034 | D:6      | Reached skill level 5 in Translocations
 14354 | D:6      | Noticed Perttuleena's ghost (novice DEAE)
 14417 | D:6      | Noticed Duvessa
 14432 | D:6      | Noticed Dowan
 14510 | D:6      | Killed Duvessa
 14511 | D:6      | Reached XP level 8. HP: 36/37 MP: 10/12
 14562 | D:7      | Found a staircase to the Ecumenical Temple.
 14616 | D:7      | Found Gunicso's Mass Market.
 15321 | D:7      | Found a snail-covered altar of Cheibriados.
 15622 | D:7      | Noticed a troll
 15926 | D:7      | Reached skill level 5 in Conjurations
 16090 | D:7      | Found Fonaubas's Book Shoppe.
 17194 | D:8      | Reached XP level 9. HP: 41/41 MP: 7/14
 17639 | D:8      | Reached skill level 1 in Dodging
 18207 | D:9      | Noticed Pikel
 18475 | D:9      | Noticed a green ugly thing
 18955 | D:6      | Bought a book of Conjurations for 390 gold pieces
 18960 | D:6      | Learned a level 4 spell: Iskenderun's Mystic Blast
 19044 | D:5      | Reached skill level 10 in Stealth
 19531 | D:5      | Killed Menkaure
 19655 | D:4      | Killed Edmund
 19656 | D:4      | Reached skill level 6 in Translocations
 19881 | D:5      | Killed Prince Ribbit
 20052 | D:5      | Found a hide-covered altar of Uskayaw.
 20553 | D:5      | Reached *** piety under Dithmenos
 20857 | D:5      | Reached skill level 7 in Translocations
 22231 | D:5      | Killed Grinder
 22232 | D:5      | Reached XP level 10. HP: 45/45 MP: 4/17
 22612 | D:6      | Found Jiocusiwi's Antique Armour Emporium.
 23144 | D:6      | Killed Dowan
 23307 | D:8      | Reached skill level 8 in Translocations
 23688 | D:9      | Reached **** piety under Dithmenos
 24206 | D:9      | Noticed Psyche
 24274 | D:9      | Killed a green ugly thing
 24275 | D:9      | Reached skill level 9 in Translocations
 24658 | D:9      | Reached skill level 5 in Spellcasting
 24985 | D:9      | Noticed a two-headed ogre
 25009 | D:9      | Killed a two-headed ogre
 25010 | D:9      | Reached skill level 10 in Translocations
 25128 | D:8      | Killed Pikel
 25440 | D:9      | Killed Psyche
 25478 | D:9      | Reached XP level 11. HP: 13/48 MP: 5/20
 25764 | D:9      | Reached skill level 11 in Translocations
 26021 | D:10     | Entered Level 10 of the Dungeon
 26168 | D:10     | Found a runed translucent gate.
 26169 | D:10     | Found a runed translucent gate.
 26169 | D:10     | Found a runed translucent gate.
 26171 | D:10     | Noticed UristMcRaven's ghost (novice OpEE)
 26242 | D:10     | Upgraded the game from 0.26-a0-835-g8259106e14 to
                  | 0.26-a0-837-g5a8a614f01
 26459 | D:10     | Noticed Snorg
 26586 | D:10     | Killed Snorg
 26951 | D:10     | Noticed a two-headed ogre
 26985 | D:10     | Slain by a two-headed ogre
 26986 | D:10     | Reached XP level 10. HP: 0/45 MP: 12/19
 27016 | D:10     | Killed a two-headed ogre
 27633 | D:11     | Found a stormy altar of Qazlal.
 27933 | D:11     | Reached skill level 12 in Translocations
 28740 | D:11     | Noticed an unseen horror
 28747 | D:11     | Killed an unseen horror
 28748 | D:11     | Reached skill level 5 in Dodging
 28748 | D:11     | Reached skill level 10 in Conjurations
 29165 | D:11     | Found a portal to a secret trove of treasure.
 29549 | D:11     | Reached XP level 11. HP: 48/48 MP: 19/21
 29572 | D:11     | Found a staircase to the Lair.
 29774 | Lair:1   | Entered Level 1 of the Lair of Beasts
 29774 | Lair:1   | Found a runed translucent gate.
 29774 | Lair:1   | Found a runed translucent gate.
 29774 | Lair:1   | Found a runed translucent gate.
 29801 | Lair:1   | Noticed pantherbaby0's ghost (novice GrFi)
 29923 | Lair:1   | Noticed a six-headed hydra
 30110 | Lair:1   | Noticed a seven-headed hydra
 30165 | Lair:1   | Noticed a five-headed hydra
 30485 | Lair:1   | Killed a six-headed hydra
 30486 | Lair:1   | Reached skill level 13 in Translocations
 30719 | Lair:1   | Killed a seven-headed hydra
 31085 | Lair:1   | Killed a five-headed hydra
 31719 | Lair:2   | Noticed Gastronok
 31933 | Lair:2   | Noticed a five-headed hydra
 31949 | Lair:2   | Killed a five-headed hydra
 33234 | Lair:2   | Reached skill level 14 in Translocations
 33636 | Lair:3   | Noticed a catoblepas
 34242 | D:6      | Bought a book of Air for 455 gold pieces
 34247 | D:6      | Learned a level 4 spell: Airstrike
 34253 | D:6      | Learned a level 5 spell: Lightning Bolt
 34424 | D:12     | Noticed a deep elf mage
 35923 | Lair:4   | Found a staircase to the Swamp.
 36125 | Lair:4   | Found a hole to the Spider Nest.
 36538 | Lair:4   | Gained mutation: Your thick and shaggy fur keeps you warm.
                  | (AC +3, rC+) [Felid growth]
 36538 | Lair:4   | Reached XP level 12. HP: 53/53 MP: 12/24
 37105 | Lair:5   | Noticed Kirke
 37343 | Lair:5   | Found a dark tunnel.
 37431 | Volcano  | Entered a volcano
 38066 | Lair:5   | Reached skill level 15 in Translocations
 38663 | Lair:5   | Reached skill level 5 in Air Magic
 39558 | Lair:5   | Noticed an eight-headed hydra
 39589 | Lair:5   | Killed an eight-headed hydra
 41302 | Lair:5   | Found a staircase to the Slime Pits.
 41335 | Lair:5   | Found a staircase to the Slime Pits.
 41390 | Lair:5   | Killed Kirke
 41529 | Lair:6   | Entered Level 6 of the Lair of Beasts
 42488 | Lair:6   | Found a sacrificial altar of Ru.
 42813 | Lair:5   | Reached ***** piety under Dithmenos
 43425 | Lair:6   | Reached XP level 13. HP: 52/58 MP: 17/26
 44808 | Lair:6   | Reached skill level 10 in Dodging
 49095 | D:12     | Found a burning altar of Makhleb.
 49300 | D:12     | Found a staircase to the Orcish Mines.
 49447 | D:12     | Noticed Azrael
 49614 | D:12     | Reached ****** piety under Dithmenos
 49798 | D:12     | Reached skill level 10 in Fighting
 50391 | D:13     | Found a gate to the Vaults.
 50758 | D:13     | Found the +7 mace of Variability {chain chaos}
 50762 | D:13     | Found a shimmering altar of Xom.
 51208 | Orc:1    | Entered Level 1 of the Orcish Mines
 51271 | D:11     | Reached XP level 14. HP: 66/66 MP: 1/28
 51484 | Orc:1    | Noticed Fannar
 51561 | D:12     | HP: 3/66 [Azrael/damnation (34)]
 51562 | D:12     | Killed Azrael
 52284 | Orc:1    | Killed Fannar
 52570 | Orc:2    | Entered Level 2 of the Orcish Mines
 52570 | Orc:2    | Found a staircase to the Elven Halls.
 52572 | Orc:2    | Found Kingaonu's Antique Weapon Emporium.
 52579 | Orc:2    | Noticed an orc warlord
 53124 | D:12     | Reached skill level 10 in Spellcasting
 54438 | D:7      | Bought a book of the Warp for 990 gold pieces
 54445 | D:7      | Learned a level 6 spell: Dispersal
 55742 | D:14     | Noticed Josephine
 55907 | D:14     | Killed Josephine
 56350 | D:14     | Reached skill level 10 in Air Magic
 57581 | D:15     | Entered Level 15 of the Dungeon
 57851 | D:15     | Noticed an emperor scorpion
 58069 | D:15     | Learned a level 1 spell: Beastly Appendage
 58367 | D:15     | Reached skill level 1 in Transmutations
 59416 | D:15     | Found a staircase to the Depths.
 59723 | D:15     | Reached XP level 15. HP: 71/72 MP: 11/30
 60224 | Orc:2    | HP: 3/72 [sixfirhy (10)]
 60224 | Orc:2    | Mangled by an orc warrior
 60225 | Orc:2    | Reached XP level 14. HP: -6/68 MP: 29/29
 60925 | Orc:2    | Found Pyecuik's General Store.
 61115 | Orc:2    | Found Eshude's Magic Scroll Emporium.
 62315 | Orc:2    | Reached skill level 5 in Evocations
 62526 | Orc:2    | Reached skill level 5 in Transmutations
 63408 | Orc:2    | Found Laqiromei's Antique Armour Boutique.
 63408 | Orc:2    | Found Ujipamum's Book Shop.
 63426 | Orc:2    | Found a one-way gate leading to the halls of Pandemonium.
 63939 | Orc:2    | Killed an orc warlord
 64110 | Orc:2    | Found Vudy's Antique Weapon Shop.
 64304 | Orc:2    | Found Olidoga's Antique Armour Shoppe.
 64452 | Orc:1    | Found a roughly hewn altar of Beogh.
 64738 | D:7      | Bought the Almanac of Earth and Beguiling for 535 gold
                  | pieces
 64922 | Swamp:1  | Entered Level 1 of the Swamp
 65352 | Spider:1 | Entered Level 1 of the Spider Nest
 65463 | Lair:4   | Found a hole to the Spider Nest.
 66343 | Spider:1 | Noticed an entropy weaver
 66370 | Spider:1 | Slain by an entropy weaver
 66371 | Spider:1 | Reached XP level 13. HP: 0/66 MP: 10/28
 66418 | Spider:1 | Killed an entropy weaver
 66763 | Spider:1 | Reached XP level 14. HP: 70/70 MP: 10/29
 67450 | Spider:1 | Noticed a ghost moth
 68523 | Spider:2 | Noticed an emperor scorpion
 68654 | Spider:2 | Learned a level 6 spell: Statue Form
 68704 | Spider:2 | Noticed Arachne
 69298 | Spider:1 | Killed an emperor scorpion
 69390 | Spider:2 | Reached skill level 1 in Earth Magic
 69783 | Spider:2 | Noticed Donald
 70731 | Spider:2 | Killed Arachne
 71269 | Spider:2 | Noticed an entropy weaver
 71312 | Spider:1 | Killed an entropy weaver
 72847 | Spider:3 | Noticed an emperor scorpion
 72883 | Spider:2 | Killed an emperor scorpion
 73684 | Spider:4 | Entered Level 4 of the Spider Nest
 73684 | Spider:4 | Noticed Mara
 73687 | Spider:3 | Upgraded the game from 0.26-a0-837-g5a8a614f01 to
                  | 0.26-a0-845-gfacbca91cf
 74671 | Elf:1    | Entered Level 1 of the Elven Halls
 74683 | Elf:1    | Reached skill level 5 in Earth Magic
 75264 | Elf:1    | Identified the Catalogue of Confrontation
 75277 | Elf:1    | Reached XP level 15. HP: 73/73 MP: 19/31
 75290 | Elf:1    | Noticed Frances
 75480 | Elf:1    | Killed Frances
 76298 | Elf:1    | Noticed Agnes
 77031 | Elf:2    | Reached skill level 10 in Transmutations
 77034 | Elf:2    | Slain by a deep elf knight

Illustrated notes

Levels and vault maps discovered:
D:1:      scummos_arrival_star, layout_basic
D:2:      layout_basic, gammafunk_temple_overflow_pools
D:3:      layout_basic, nicolae_overflow_hidden_temple,
          nicolae_dithmenos_shadow_blocks
D:4:      layout_loops_ring, hangedman_ru_absence, gup_ossuary_entry_pyramid,
          kennysheep_generic_room_16
D:5:      lemuel_castle_with_subvaults [lemuel_castle_interior_carwin_3],
          layout_gridville, lemuel_round_altar, fedhas_ov_isle_minmay,
          kennysheep_mini, basic_altar, uniq_grinder, uniq_prince_ribbit1,
          uniq_edmund, uniq_menkaure
D:6:      layout_gridville, serial_shops, shop_fountains, kennysheep_mini_moat,
          gammafunk_ghost_icy, uniq_duvessa
D:7:      layout_gridville, general_overflow_altar,
          minmay_temple_entry_water_ring, serial_shops, shop, minmay_shop_mass,
          minivault_23, minmay_shattered_shrine
D:8:      layout_basic, st_stairs_5, minmay_strange_pillars
D:9:      layout_rooms, uniq_pikel, uniq_psyche
D:10:     layout_basic, gammafunk_ghost_necromancy, uniq_snorg
D:11:     layout_loops_cross, grunt_lair_entry_orc_guard_hut,
          nicolae_trove_entry_crossroad, nicolae_qazlal_style_of_elements
D:12:     layout_cave_pools, david_orc_2, hangedman_abyss_or_decor_stagger,
          david_defended_altar_orc, uniq_azrael
D:13:     layout_cave_pools, erik_vaults_2, portal_ice_cave_rime,
          serial_column_ruins, column_ruins_hut, column_ruins_hut_water,
          column_ruins_grid_1, column_ruins_columns_T, column_ruins_grid_4,
          column_ruins_open_small, column_ruins_grid_1,
          minmay_guarded_unrand_variability
D:14:     layout_cave_pods, minmay_misc_feat_five, uniq_josephine
D:15:     hangedman_depths_entry_try_elsewhere_first, layout_irregular_city,
          grunt_decor_mini_mirrors
Lair:1:   layout_concentric_octagons, gammafunk_ghost_icy, grunt_megastairs_5
Lair:2:   layout_chaotic_city, uniq_gastronok
Lair:3:   layout_cave_pods, minivault_23, beast_lair_carwin_9
Lair:4:   layout_cave_pods, swamp_mist, spider_nest_entry_web_field
Lair:5:   layout_layer_cave, minmay_slime_entry_pillars,
          nicolae_volcano_entry_lava_flow, minivault_11, grunt_megastairs_2,
          serial_bayou_shore_a, uniq_kirke
Lair:6:   hangedman_lair_in_review, layout_regular_city,
          hangedman_lair_caniforms_friends, basic_altar
Swamp:1:  layout_basic_swamp, evilmike_swamp_ruin_house_3, swamp_pool1
Spider:1: layout_spider_delve, nicolae_spider_shape
Spider:2: layout_spider_delve, uniq_donald, uniq_arachne
Spider:3: layout_spider_delve
Spider:4: guppyfry_spider_rune, uniq_asterion, uniq_mara
Orc:1:    layout_caves, basic_altar, uniq_fannar
Orc:2:    pf_orc_diabolical, layout_caves, serial_shops, shop_statue,
          nicolae_shop_stone, shop
Elf:1:    eino_elf_arrival_the_gate, layout_onion_city, minmay_elf_annihilation,
          uniq_agnes, uniq_frances
Elf:2:    layout_loops_cross

Skill      XL: |  1  2  3  4  5  6  7  8  9 10 11 12 13 14 15 |
---------------+----------------------------------------------+-----
Air Magic      | 2 4 6 8 11 | 11.0
Stealth        | 1 2 3 4 5 7 9 10 | 10.0
Translocations | 2 3 4 5 7 12 14 15 | 15.0
Conjurations   | 1 2 3 4 5 7 10 | 10.0
Fighting       | 3 4 5 6 8 10 13 | 13.1
Spellcasting   | 4 6 7 8 9 11 | 11.0
Dodging        | 4 5 7 9 10 11 12 | 12.0
Evocations     | 5 |  5.0
Transmutations | 7 9 10 | 10.0
Unarmed Combat | 3 4 |  4.2
Earth Magic    | 5 7 |  7.1

Action                   |  1- 3 |  4- 6 |  7- 9 | 10-12 | 13-15 || total
-------------------------+-------+-------+-------+-------+-------++-------
Melee: Unarmed           |    26 |    70 |    78 |    23 |    60 ||   257
       Bite              |     1 |     9 |     7 |     2 |     6 ||    25
       Punch             |       |       |     1 |       |       ||     1
 Cast: Magic Dart        |    86 |   414 |   642 |  1086 |   259 ||  2487
       Mephitic Cloud    |       |       |    10 |    22 |     5 ||    37
       Apportation       |       |       |     2 |    16 |    50 ||    68
       Blink             |       |       |     9 |     3 |    19 ||    31
       Iskenderun's Myst |       |       |     7 |   131 |   124 ||   262
       Gell's Gravitas   |       |       |     2 |    31 |   166 ||   199
       Airstrike         |       |       |       |    26 |   852 ||   878
       Lightning Bolt    |       |       |       |       |    62 ||    62
       Dispersal         |       |       |       |       |    30 ||    30
       Statue Form       |       |       |       |       |    12 ||    12
       Beastly Appendage |       |       |       |       |     1 ||     1
Evoke: Wand              |       |       |     3 |    10 |     8 ||    21
  Use: Potion            |     1 |     8 |     2 |     2 |     4 ||    17
       Scroll            |       |       |    12 |    11 |    15 ||    38
 Stab: Sleeping          |     2 |     3 |    11 |     5 |     6 ||    27
       Confused          |       |       |     5 |     1 |       ||     6
       Paralysed         |       |       |     2 |       |       ||     2
       Invisible         |       |       |       |     1 |       ||     1
Armor: Skin              |    11 |    15 |    22 |    14 |    39 ||   101
Dodge: Dodged            |    48 |   131 |   263 |   319 |   452 ||  1213

Table legend: (Time is in decaauts)
 A = Elapsed time spent in this place.
 B = Non-inter-level travel time spent in this place.
 C = Inter-level travel time spent in this place.
 D = Time resting spent in this place.
 E = Time spent auto-exploring this place.
 F = Levels seen in this place.
 G = Mean time per level.
                   A        B        C        D        E       F      G
               +--------+--------+--------+--------+--------+-----+--------+
         Total |  71455 |  68933 |   2522 |  39814 |  10303 |  32 | 2233.0 |
       Dungeon |  35811 |  34463 |   1348 |  19638 |   6126 |  15 | 2387.4 |
          Lair |  17797 |  17016 |    781 |  10106 |   2384 |   6 | 2966.2 |
         Swamp |     36 |     36 |      0 |      0 |      0 |   1 |   36.0 |
   Spider Nest |   7268 |   7000 |    268 |   4193 |    773 |   4 | 1817.0 |
  Orcish Mines |   4451 |   4348 |    103 |   2105 |    423 |   2 | 2225.5 |
   Elven Halls |   2377 |   2357 |     20 |   1292 |    582 |   2 | 1188.5 |
       Ossuary |   3466 |   3466 |      0 |   2374 |     13 |   1 | 3466.0 |
       Volcano |    246 |    246 |      0 |    105 |      0 |   1 |  246.0 |
               +--------+--------+--------+--------+--------+-----+--------+

Top non-repeatable levels by time:
  Lair:6: 5597 daAuts
Spider:1: 4422 daAuts
     D:5: 4020 daAuts
   Orc:2: 3809 daAuts
     D:4: 3665 daAuts
  Lair:5: 3601 daAuts
  Lair:4: 3488 daAuts
 Ossuary: 3466 daAuts
    D:11: 3403 daAuts
    D:12: 3198 daAuts
     D:7: 2814 daAuts
     D:8: 2754 daAuts
  Lair:1: 2645 daAuts
    D:14: 2277 daAuts
     D:6: 2125 daAuts
